Construct Section Command Post
Selects Air and Sea Battlegroup
Construct Field Infirmary
Construct Platoon Command Post
Selects Commando Section Paradrop
Commando Section Paradrop
Selects Commando Support Section Paradrop
Commando Section Paradrop
Commando Support Section Paradrop
Selects Incendiary Bombing Run
Construct Company Command Post
Unlock M3 Grant Medium Tanks
Commando Section Paradrop
Selects Naval Bombardment
Commando Section Paradrop
Commando Support Section Paradrop